 Dungeon Crawl Stone Soup version 0.27-a0-1245-g940ed4fa31 (webtiles) character file.

Game seed: 2637213340848984594

6154 freelancePsychic the Sneak (level 10, 0/45 HPs)
             Began as a Felid Venom Mage on June 9, 2021.
             Was an Elder of Vehumet.
             Slain by an ice devil (23 damage)
             ... in an ice cave on June 10, 2021.
             The game lasted 00:53:20 (14911 turns).

freelancePsychic the Sneak (Felid Venom Mage)      Turns: 14911, Time: 00:53:20

Health: 0/45       AC:  2    Str:  4    XL:     10   Next: 59%
Magic:  22/27      EV: 21    Int: 28    God:    Vehumet [****..]
Gold:   546        SH:  0    Dex: 17    Spells: 1/19 levels left
                                        Lives:  0   Deaths: 3

rFire    . . .     SeeInvis +   (weapon unavailable)
rCold    . . .     Faith    .   (shield unavailable)
rNeg     . . .     Spirit   .   (armour unavailable)
rPois    .         Reflect  .   (helmet unavailable)
rElec    .         Harm     .   (cloak unavailable)
rCorr    .         Rampage  .   (gloves unavailable)
Will     +....     Clarity  +   (boots unavailable)
Stlth    +++++.....             b - amulet "Jiug Sig" {RegenMP Stlth+}
HPRegen  0.15/turn              c - ring of magical power
MPRegen  0.45/turn              g - +6 ring of intelligence

@: quick
A: very small, claws 1, fangs 3, see invisible, speed 1, shaggy fur 2, stealthy
paws, no weapons or thrown items, no armour, multi-lived, clarity, clever 1,
sense surroundings 1, evolution 1
a: Renounce Religion


You were in an ice cave.
You worshipped Vehumet.
Vehumet was greatly pleased with you.
You visited 3 branches of the dungeon, and saw 16 of its levels.
You also visited: Bailey and Ice Cave.

You collected 546 gold pieces.

Inventory:

Jewellery
 b - the amulet "Jiug Sig" (around neck) {RegenMP Stlth+}
   (You acquired it on level 8 of the Dungeon)

   [amulet of magic regeneration]

   It increases your rate of magic regeneration.
   It makes you more stealthy.
 c - a ring of magical power (left paw)
 e - a ring of poison resistance
 f - a ring of fire
 g - a +6 ring of intelligence (right paw)
 o - a ring of positive energy
Wands
 l - a wand of mindburst (10)
 p - a wand of charming (12)
 s - a wand of acid (8)
Scrolls
 a - a scroll of fog
 i - a scroll of identify {@r1}
 m - 2 scrolls of fear
 n - a scroll of blinking
 t - a scroll of silence {unknown}
 x - a scroll of vulnerability {unknown}
Potions
 d - 2 potions of curing {@q1}
 h - 2 potions of haste {@q3}
 j - 2 potions of heal wounds {unknown}
 k - a potion of cancellation
 q - 2 potions of flight {unknown}
 u - a potion of might
 v - a potion of experience {unknown}
Miscellaneous
 w - a box of beasts
 y - a condenser vane


   Skills:
 + Level 6.3 Fighting
 + Level 7.5 Dodging
 - Level 7.9 Stealth
 - Level 5.1 Spellcasting
 - Level 5.6 Conjurations
 - Level 4.0 Transmutations
 - Level 6.7 Fire Magic
 - Level 1.4 Ice Magic
 - Level 2.4 Air Magic
 * Level 5.5 Earth Magic
 - Level 7.8 Poison Magic


You had one spell level left.
You knew the following spells:

 Your Spells              Type           Power      Damage    Failure   Level
a - Sting                 Tmut/Pois      100%       1d8       1%          1
b - Poisonous Vapours     Pois/Air       72%        N/A       1%          2
c - Ignite Poison         Fire/Tmut/Pois 41%        N/A       1%          3
d - Olgreb's Toxic Radia  Pois           50%        N/A       1%          4
e - Mephitic Cloud        Conj/Pois/Air  36%        N/A       1%          3
f - Sticky Flame          Conj/Fire      41%        2d6       1%          4
g - Foxfire               Conj/Fire      100%       2x1d9     1%          1

Your spell library contained the following spells:

 Spells                   Type           Power      Damage    Failure   Level
 Conjure Flame            Conj/Fire      41%        6-21      1%          3
 Beastly Appendage        Tmut           58%        N/A       1%          1
 Magic Dart               Conj           100%       1d8       1%          1
 Sandblast                Erth           74%        2d16      1%          1
 Shock                    Conj/Air       100%       1d9       1%          1
 Animate Skeleton         Necr           14%        N/A       7%          1
 Apportation              Tloc           14%        N/A       7%          1
 Corona                   Hex            7%         N/A       7%          1
 Summon Small Mammal      Summ           28%        N/A       7%          1
 Passwall                 Tmut/Erth      27%        N/A       1%          2
 Searing Ray              Conj           76%        3d6       1%          2
 Static Discharge         Conj/Air       29%        N/A       1%          2
 Wereblood                Tmut           29%        N/A       1%          2
 Dazzling Flash           Conj/Hex       44%        N/A       1%          3
 Spider Form              Tmut/Pois      20%        N/A       1%          3
 Stone Arrow              Conj/Erth      76%        3d11      1%          3
 Fulminant Prism          Conj/Hex       11%        3d9       5%          4
 Iskenderun's Mystic Bla  Conj/Tloc      22%        2d6       5%          4
 Lee's Rapid Deconstruct  Erth           18%        3d12*     5%          5
 Swiftness                Air            21%        N/A       7%          3
 Airstrike                Air            10%        N/A       7%          4
 Call Imp                 Summ           7%         N/A       10%         2
 Petrify                  Tmut/Erth      33%        N/A       10%         4
 Lightning Bolt           Conj/Air       14%        1d28      10%         5
 Call Canine Familiar     Summ           7%         N/A       21%         3
 Summon Guardian Golem    Hex/Summ       7%         N/A       21%         3
 Ice Form                 Ice/Tmut       22%        N/A       22%         4
 Summon Lightning Spire   Summ/Air       14%        N/A       36%         4
 Summon Ice Beast         Ice/Summ       11%        N/A       45%         4


Dungeon Overview and Level Annotations

Branches:
Dungeon (14/15)            Temple (1/1) D:5            Lair (0/6) D:10
    Orc (1/2) D:11         Bailey (visited)           IceCv (1/1)
 Vaults: D:13-14

Altars:
Ashenzari
Cheibriados
Dithmenos
Elyvilon
Fedhas
Gozag
Hepliaklqana
Kikubaaqudgha
Makhleb
Nemelex Xobeh
Okawaru
Qazlal
Ru
Sif Muna
Trog
Uskayaw
Vehumet
Wu Jian
Xom
Yredelemnul
Zin
The Shining One
Beogh

Shops:
D:1 !   D:5 [*!*   D:9 *

Annotations:
D:6 Grinder
D:10 exclusion: vampire IceCv exclusion: ice statue


Innate Abilities, Weirdness & Mutations

You have sharp claws.
You have razor-sharp teeth.
You have supernaturally acute eyesight. (SInv)
You cover ground quickly. (Speed+)
You are covered in thick fur. (AC +2)
Your paws help you pounce on unaware monsters.
You are incapable of wielding weapons or throwing items.
You cannot wear armour.
You gain extra lives every three experience levels.
You possess an exceptional clarity of mind.
Your mind is acute. (Int +2)
You passively map a small area around you.
You evolve.


Message History

Aim: an ice beast (summoned, 100% to hit)
The sticky flame hits the ice beast.
The ice beast melts!
The ice beast is moderately wounded.
The ice beast is covered in liquid flames!
The ice beast burns!
The ice beast completely misses you.
The ice beast burns!
The ice beast burns!
The ice beast burns!
The ice beast burns!
You kill the ice beast!
There is an ice covered gate leading back out of this place here.
Casting: Sticky Flame (dangerous; 1% risk of failure)
Confirm with . or Enter, or press ? or * to list all spells.
Aiming: Sticky Flame (dangerous; 1% risk of failure)
Press: ? - help, Shift-Dir - straight line, f - ice devil
Aim: an ice devil (100% to hit)
The sticky flame hits the ice devil but does no damage.
The ice devil is covered in liquid flames!
The ice devil burns!
The ice devil burns!
There is an ice covered gate leading back out of this place here.
The ice devil burns!
There is an ice choked empty arch of ancient stone here.
The ice devil burns!
The ice devil stops burning.
The ice devil closely misses you.
Casting: Sticky Flame (dangerous; 1% risk of failure)
Confirm with . or Enter, or press ? or * to list all spells.
Aiming: Sticky Flame (dangerous; 1% risk of failure)
Press: ? - help, Shift-Dir - straight line, f/p - ice devil
Aim: an ice devil (severely wounded, 100% to hit)
The sticky flame hits the ice devil but does no damage.
The ice devil is severely wounded.
The ice devil is covered in liquid flames!
The ice devil burns!
The ice devil hits you. The ice devil freezes you!!
The ice devil burns!
You scratch the ice devil but do no damage.
The ice devil is almost dead.
The ice devil burns!
The ice devil hits you. The ice devil freezes you!!
Ouch! That really hurt!
You die...

*##### ##.....
##....... ##........
#### #?........
##.@########........
##..4.##..##.........
#....................
#..∩∩.............⌠..
#.......##...........
##....######.........
##..## ##........
#### *8........
**.......


You could see an ice devil (burning).

Vanquished Creatures
  Snorg (D:10)
  A two-headed ogre (D:12)
  An orc sorcerer (Orc:1)
  An orc knight (Bailey)
  3 cyclopes
  An ice statue (IceCv)
  A gargoyle (D:11)
  2 rime drakes (Orc:1)
  A troll (D:9)
  An ice devil (IceCv)
  A hornet (D:9)
  A meliai zombie (D:11)
  A wyvern (D:9)
  A wraith (D:9)
  A steam dragon (D:9)
  6 yaks (D:9)
  A basilisk (D:12)
  A warg (Orc:1)
  3 water moccasins
  2 black bears
  2 ice beasts (D:7)
  14 orc warriors
  2 sky beasts
  8 ogres
  2 centaurs
  3 kobold brigands
  4 bullfrogs
  2 scorpions (D:4)
  6 killer bees (D:9)
  An electric eel (D:6)
  9 wights
  A bullfrog zombie (D:5)
  3 centaur zombies
  5 orc priests
  A bullfrog skeleton (D:6)
  6 hounds
  2 iguanas (D:5)
  6 orc wizards
  A hound zombie (D:5)
  7 gnolls
  4 adders
  2 white imps
  A worm (D:4)
  2 dart slugs (D:2)
  51 orcs
  2 endoplasms
  5 giant cockroaches
  6 goblins
  6 hobgoblins
  2 jackals (D:5)
  2 quokkas
  5 ball pythons
  8 bats
  4 frilled lizards (D:2)
  23 kobolds
  5 rats
244 creatures vanquished.

Vanquished Creatures (others)
  19 foxfires
  11 plants
30 creatures vanquished.

Grand Total: 274 creatures vanquished

Notes
Turn   | Place    | Note
-------+----------+-------------------------------------------
     0 | D:1      | freelancePsychic the Felid Venom Mage began the quest for
                  | the Orb.
     0 | D:1      | Reached XP level 1. HP: 7/7 MP: 4/4
   534 | D:1      | Found Uduwuza's Distillery.
   727 | D:1      | Reached XP level 2. HP: 10/11 MP: 6/6
  1074 | D:2      | Learned a level 2 spell: Poisonous Vapours
  1219 | D:2      | Found a faded altar of an unknown god.
  1252 | D:2      | Became a worshipper of the Shining One
  1252 | D:2      | Reached * piety under the Shining One
  1376 | D:2      | Reached skill level 1 in Fire Magic
  1376 | D:2      | Reached XP level 3. HP: 14/14 MP: 7/7
  1642 | D:2      | Reached XP level 4. HP: 18/18 MP: 8/8
  2237 | D:2      | Learned a level 3 spell: Ignite Poison
  2844 | D:3      | Found a burning altar of Makhleb.
  3446 | D:4      | Noticed an ogre
  3449 | D:4      | Killed an ogre
  3450 | D:4      | Reached XP level 5. HP: 21/21 MP: 9/9
  3610 | D:4      | Noticed a necrophage
  3917 | D:4      | Noticed an ogre
  3929 | D:4      | Killed an ogre
  3930 | D:4      | Gained mutation: You are covered in thick fur. (AC +2)
                  | [Felid growth]
  3930 | D:4      | Reached XP level 6. HP: 24/24 MP: 10/10
  4738 | D:5      | Entered Level 5 of the Dungeon
  4752 | D:5      | Found Cuhewaac's Assorted Antiques.
  4755 | D:5      | Noticed a sky beast
  4762 | D:5      | Killed a sky beast
  4763 | D:5      | Reached XP level 7. HP: 27/27 MP: 8/11
  4866 | D:5      | Reached skill level 5 in Poison Magic
  4909 | D:5      | Found Juwuri's Assorted Antiques.
  5013 | D:5      | Reached skill level 1 in Air Magic
  5149 | D:5      | Found an ancient bone altar of Kikubaaqudgha.
  5348 | D:5      | Identified the +7 ring mail "Fixuof" {rC- Dex+8}
  5363 | D:5      | Learned a level 4 spell: Olgreb's Toxic Radiance
  5458 | D:5      | Found Erics's Armour Shoppe.
  5461 | D:5      | Found Onladdech's Distillery.
  5492 | D:5      | Found a staircase to the Ecumenical Temple.
  5501 | Temple   | Entered the Ecumenical Temple
  5751 | Temple   | Fell from the grace of the Shining One
  5751 | Temple   | Became a worshipper of Vehumet
  5932 | D:6      | Reached XP level 8. HP: 30/31 MP: 7/14
  6113 | D:6      | Learned a level 3 spell: Mephitic Cloud
  6192 | D:5      | Found a hazy altar of Hepliaklqana.
  6196 | D:5      | Found a sacrificial altar of Ru.
  6200 | D:5      | Found a glowing golden altar of the Shining One.
  7094 | D:6      | Gained mutation: You passively map a small area around you.
                  | [potion of mutation]
  7094 | D:6      | Gained mutation: You are frail. (-10% HP) [potion of
                  | mutation]
  7094 | D:6      | Gained mutation: You possess an exceptional clarity of
                  | mind. [potion of mutation]
  7094 | D:6      | Gained mutation: You evolve. [potion of mutation]
  7100 | D:6      | HP: 1/27 [poisoned by a water moccasin]
  7101 | D:6      | Succumbed to a water moccasin's poison
  7102 | D:6      | Reached XP level 7. HP: 0/24 MP: 10/23
  7102 | D:6      | You fall into a shaft and drop 2 floors!
  7104 | D:8      | Identified a scroll of acquirement
  7104 | D:8      | Acquired the amulet "Jiug Sig" {RegenMP Stlth+}
  7165 | D:8      | Found a blossoming altar of Fedhas.
  7165 | D:8      | Found a sparkling altar of Nemelex Xobeh.
  7165 | D:8      | Found a broken altar of Ashenzari.
  7350 | D:7      | Reached XP level 8. HP: 27/27 MP: 9/16
  7351 | D:7      | Reached * piety under Vehumet
  7351 | D:7      | Offered knowledge of Shock by Vehumet.
  7470 | D:6      | Noticed Grinder
  7563 | D:6      | Reached skill level 5 in Spellcasting
  7949 | D:6      | Reached skill level 1 in Ice Magic
  8271 | D:5      | Reached skill level 1 in Fighting
  8877 | D:7      | Identified the Papyrus of Flight and Attacks
  9110 | D:7      | Learned a level 4 spell: Sticky Flame
  9555 | D:7      | Reached skill level 5 in Dodging
  9555 | D:7      | Reached skill level 1 in Conjurations
  9555 | D:7      | Reached XP level 9. HP: 33/33 MP: 17/17
  9961 | D:8      | Offered knowledge of Foxfire by Vehumet.
  9964 | D:8      | Learned a level 1 spell: Foxfire
  9975 | D:8      | Found a bloodstained altar of Trog.
 10057 | D:8      | Found a white marble altar of Elyvilon.
 10217 | D:8      | Found a stormy altar of Qazlal.
 10458 | D:9      | Reached ** piety under Vehumet
 10487 | D:9      | Reached skill level 5 in Fire Magic
 10518 | D:9      | Gained mutation: Your mind is acute. (Int +2) [evolution]
 10535 | D:9      | Noticed a cyclops
 10607 | D:9      | Killed a cyclops
 11096 | D:9      | Reached XP level 10. HP: 37/37 MP: 18/18
 11100 | D:9      | Reached skill level 5 in Conjurations
 11150 | D:9      | Found Axiuzy's Changing Room.
 11521 | D:9      | Engulfed by a steam dragon's steam
 11522 | D:9      | Reached XP level 9. HP: -1/35 MP: 26/26
 11766 | D:10     | Entered Level 10 of the Dungeon
 11767 | D:10     | Found an iron altar of Okawaru.
 11797 | D:10     | Found a staircase to the Lair.
 11889 | D:10     | Found a flagged portal.
 11895 | D:10     | Noticed Snorg
 11913 | D:10     | Killed Snorg
 11914 | D:10     | Reached skill level 5 in Stealth
 11914 | D:10     | Reached skill level 1 in Earth Magic
 11936 | Bailey   | Entered a bailey
 12040 | Bailey   | Lost mutation: You are frail. (-10% HP) [evolution]
 12047 | Bailey   | Offered knowledge of Inner Flame by Vehumet.
 12277 | Bailey   | Reached XP level 10. HP: 43/43 MP: 16/18
 12353 | Bailey   | HP: 1/43 [orc/bolt (13)]
 12850 | Bailey   | Reached *** piety under Vehumet
 13048 | Bailey   | Noticed an orc knight
 13063 | Bailey   | Killed an orc knight
 13064 | Bailey   | Reached skill level 5 in Fighting
 13500 | D:11     | Noticed a cyclops
 13510 | D:11     | Killed a cyclops
 13539 | D:11     | You fall into a shaft and drop 3 floors!
 13567 | D:14     | Noticed a manticore
 13669 | D:13     | Noticed a boulder beetle
 13720 | D:12     | Killed from afar by a vampire
 13721 | D:12     | Reached XP level 9. HP: -1/40 MP: 23/26
 13752 | D:12     | Noticed a two-headed ogre
 13770 | D:12     | Killed a two-headed ogre
 13794 | D:12     | Noticed a cyclops
 13803 | D:12     | Killed a cyclops
 14160 | D:11     | Reached XP level 10. HP: 45/45 MP: 18/18
 14160 | D:11     | Offered knowledge of Conjure Flame by Vehumet.
 14288 | D:11     | Noticed a gargoyle
 14303 | D:11     | Killed a gargoyle
 14336 | D:11     | Found a staircase to the Orcish Mines.
 14345 | Orc:1    | Entered Level 1 of the Orcish Mines
 14464 | Orc:1    | Noticed an orc sorcerer
 14465 | Orc:1    | Reached **** piety under Vehumet
 14470 | Orc:1    | Killed an orc sorcerer
 14485 | Orc:1    | Reached skill level 5 in Earth Magic
 14671 | Orc:1    | Found a frozen archway.
 14680 | IceCv    | Entered an ice cave
 14739 | IceCv    | Noticed an ice statue
 14739 | IceCv    | Noticed an ice statue
 14754 | IceCv    | Killed an ice statue
 14911 | IceCv    | Slain by an ice devil

Illustrated notes

Levels and vault maps discovered:
D:1:      scummos_arrival_simple_fountains, layout_basic, serial_shops,
          nicolae_shop_stone
D:2:      minmay_kobold_bridge, layout_loops_ring,
          shapermc_ecumenical_altar_venn, minmay_randomly_rotated_circles
D:3:      layout_basic, lemuel_crystal_altar, serial_aquarium,
          aquarium_bridge_square [aquarium_subvault_window,
          aquarium_subvault_bridge, aquarium_subvault_bridge,
          aquarium_subvault_window], aquarium_window_2,
          aquarium_window_corridor_2, aquarium_window_fake,
          aquarium_window_fake, aquarium_view_2e
D:4:      minmay_chambers_of_threes, layout_loops_ring
D:5:      layout_loops_ring, nicolae_overflow_crystal_walls,
          grunt_temple_overflow_diamond, minmay_temple_entry_gardened_gates,
          serial_shops, shop, shop, nicolae_shop_trees, shop
D:6:      layout_loops_corners, serial_bayou_lagoon_a, kennysheep_another_room,
          uniq_grinder
D:7:      layout_rooms, kennysheep_generic_room_5
D:8:      layout_basic, lemuel_tele_altar, general_overflow_altar,
          elyvilon_altar_1, gammafunk_temple_overflow_forgotten,
          chequers_ossuary_entry_cave
D:9:      layout_loops_ring, minmay_misc_feat_diagonals,
          nicolae_transmutations_shop
D:10:     gammafunk_mikee_crab_dinner, layout_rooms, okawaru_ov_weapons_minmay,
          lair_entry_dummy, enter_bailey_2, uniq_snorg
D:11:     layout_basic, david_orc_5
D:12:     layout_stronghold, serial_shops, shop, uniq_nessos
D:13:     layout_rooms, david_vaults_4, lightli_wizard_tower, uniq_kirke,
          uniq_frances
D:14:     layout_irregular_city, kennysheep_doodads
Temple:   dpeg_chambers_temple
Orc:1:    layout_caves, portal_ice_cave_rime
IceCv:    ice_cave_tombish

Skill      XL: |  1  2  3  4  5  6  7  8  9 10 |
---------------+-------------------------------+-----
Stealth        | 3 6 7 |  7.9
Fire Magic     | 1 2 3 4 6 |  6.7
Poison Magic   | 3 4 5 7 |  7.8
Transmutations | 2 3 4 |  4.0
Spellcasting   | 3 5 |  5.1
Air Magic      | 1 2 |  2.4
Dodging        | 5 7 |  7.5
Ice Magic      | 1 |  1.4
Fighting       | 3 4 6 |  6.3
Conjurations   | 1 4 5 |  5.6
Earth Magic    | 4 5 |  5.5

Action                   |  1- 3 |  4- 6 |  7- 9 | 10-12 || total
-------------------------+-------+-------+-------+-------++-------
Melee: Unarmed           |       |     3 |    19 |    11 ||    33
       Bite              |       |     1 |     1 |     3 ||     5
 Cast: Sting             |    27 |     4 |       |       ||    31
       Poisonous Vapours |    21 |    72 |   129 |    44 ||   266
       Ignite Poison     |       |     1 |    71 |    33 ||   105
       Mephitic Cloud    |       |       |    35 |     9 ||    44
       Olgreb's Toxic Ra |       |       |    30 |    18 ||    48
       Foxfire           |       |       |     2 |     8 ||    10
       Sticky Flame      |       |       |       |     8 ||     8
  Use: Scroll            |     1 |     1 |     9 |     4 ||    15
       Potion            |       |       |     7 |       ||     7
Armor: Skin              |       |     2 |    13 |     1 ||    16
Dodge: Dodged            |    16 |    26 |    72 |    52 ||   166

Table legend: (Time is in decaauts)
 A = Elapsed time spent in this place.
 B = Non-inter-level travel time spent in this place.
 C = Inter-level travel time spent in this place.
 D = Time resting spent in this place.
 E = Time spent auto-exploring this place.
 F = Levels seen in this place.
 G = Mean time per level.
                   A        B        C        D        E       F      G
               +--------+--------+--------+--------+--------+-----+--------+
         Total |  13294 |  12990 |    304 |   3041 |   7359 |  18 |  738.6 |
       Dungeon |  11397 |  11115 |    282 |   1866 |   7136 |  14 |  814.1 |
        Temple |    222 |    201 |     21 |      0 |    191 |   1 |  222.0 |
  Orcish Mines |    314 |    314 |      0 |    204 |      0 |   1 |  314.0 |
        Bailey |   1140 |   1140 |      0 |    819 |     32 |   1 | 1140.0 |
      Ice Cave |    218 |    218 |      0 |    152 |      0 |   1 |  218.0 |
               +--------+--------+--------+--------+--------+-----+--------+

Top non-repeatable levels by time:
     D:6: 1940 daAuts
     D:2: 1431 daAuts
     D:5: 1264 daAuts
  Bailey: 1140 daAuts
     D:9: 1116 daAuts
     D:3: 979 daAuts
     D:7: 942 daAuts
     D:4: 901 daAuts
     D:1: 846 daAuts
     D:8: 768 daAuts
    D:12: 394 daAuts
    D:11: 392 daAuts
   Orc:1: 314 daAuts
    D:10: 306 daAuts
  Temple: 222 daAuts
